 Dungeon Crawl Stone Soup version 0.31-a0-95-g6fa058ef04 (webtiles) character file.

Game seed: 10411649405137102963

6408 IdlyInterested the Fighter (level 10, -2/92 HPs)
             Began as a Demonspawn Wanderer on May 25, 2023.
             Slain by a wyvern (8 damage)
             ... on level 9 of the Dungeon.
             The game lasted 00:30:20 (10889 turns).

IdlyInterested the Fighter (Demonspawn Wanderer)   Turns: 10889, Time: 00:30:21

Health: -2/92      AC: 16    Str: 22    XL:     10   Next: 66%
Magic:  13/13      EV:  9    Int: 14    God:
Gold:   503        SH:  0    Dex: 13    Spells: 13/13 levels left

rFire   . . .        h - +6 flail (venom)
rCold   . . .        (no shield)
rNeg    . . .        C - +2 chain mail {rPois}
rPois   +            (helmet restricted)
rElec   .            (no cloak)
rCorr   .            (no gloves)
SInv    .            l - +2 pair of boots
Will    .....        (no amulet) Stlth
                     z - +6 ring of strength
HPRegen 0.35/turn    (no ring)
MPRegen 0.13/turn

%: no passive effects
@: mighty
A: horns 1, molten scales 1, foul stench 2, powered by pain 2, poison resistance
a: no special abilities


You were on level 9 of the Dungeon.
You visited 2 branches of the dungeon, and saw 10 of its levels.
You also visited: Sewer and Ossuary.

You collected 593 gold pieces.
You spent 90 gold pieces at shops.

Inventory:

Hand Weapons
 a - a +2 quarterstaff
 f - the +6 halberd "Beastslayer" {freeze, Drain +Blink rCorr SInv}
   (You took it off a gnoll on level 4 of the Dungeon)

   SInv:      It lets you see invisible.
   +Blink:    It lets you blink.
   rCorr:     It protects you from acid and corrosion.
   Drain:     It drains your maximum health when unequipped.
 h - a +6 flail of venom (weapon)
 w - a -1 eveningstar
 A - a +2 halberd of venom
 D - a +1 whip of flaming
Missiles
 j - 3 poisoned darts (quivered)
 B - 7 javelins
 K - 9 datura-tipped darts
 L - 2 atropa-tipped darts
Armour
 l - a +2 pair of boots (worn)
 C - a +2 chain mail of poison resistance (worn)
 I - a +0 plate armour
Magical Staves
 E - a staff of conjuration
 G - a staff of earth
Jewellery
 z - a +6 ring of strength (left hand)
Wands
 c - a wand of iceblast (3)
 g - a wand of paralysis (16)
 y - a wand of flame (23)
 F - a wand of polymorph (9)
 H - a wand of digging (5)
Scrolls
 b - 10 scrolls of teleportation
 d - 4 scrolls of blinking
 e - a scroll of enchant weapon {unknown}
 i - 3 scrolls of enchant armour
 k - a scroll of fear {unknown}
 s - a scroll of vulnerability
 v - a scroll of poison {unknown}
 x - a scroll of summoning
 J - a scroll of torment {unknown}
 M - a scroll of immolation {unknown}
 N - a scroll of amnesia
Potions
 m - 2 potions of brilliance
 n - a potion of berserk rage
 o - 9 potions of enlightenment
 p - a potion of mutation
 q - 3 potions of cancellation
 r - 3 potions of attraction
 t - 2 potions of lignification
 u - 2 potions of curing


   Skills:
 * Level 13.5 Fighting
 + Level 4.8 Staves
 - Level 2.0 Throwing
 - Level 4.0 Armour
 - Level 2.6 Dodging
 - Level 2.0 Stealth
 - Level 1.0 Unarmed Combat
 - Level 2.0 Spellcasting
 - Level 2.0 Conjurations
 - Level 2.0 Earth Magic
 - Level 4.0 Evocations


You had 13 spell levels left.
You didn't know any spells.
Your spell library contained the following spells:

 Spells                   Type           Power      Damage    Failure   Level
 Necrotise                Necr           4%         1d4       83%         1
 Static Discharge         Conj/Air       6%         2-3/arc   86%         2
 Vampiric Draining        Necr           1%         2d6       99%         3
 Vhi's Electric Charge    Tloc/Air       0%         N/A       99%         3
 Airstrike                Air            0%         2d(1-17)  100%        4
 Summon Lightning Spire   Summ/Air       0%         N/A       100%        4
 Agony                    Necr           1%         N/A       100%        5
 Arcjolt                  Conj/Air       1%         1d11      100%        5
 Plasma Beam              Fire/Air       0%         2x1d11    100%        6


Dungeon Overview and Level Annotations

Branches:
Dungeon (9/15)             Temple (1/1) D:5           Sewer (visited)
Ossuary (visited)
   Lair: D:8-11         Orc: D:9-12

Altars:
Ashenzari
Cheibriados
Dithmenos
Fedhas
Gozag
Hepliaklqana
Kikubaaqudgha
Makhleb
Nemelex Xobeh
Qazlal
Ru
Sif Muna
Trog
Uskayaw
Vehumet
Wu Jian
Xom
Yredelemnul


Innate Abilities, Weirdness & Mutations

You have a pair of small horns on your head.
You are partially covered in molten scales. (AC +2)
You sometimes emit foul miasma when damaged in melee.
You sometimes gain power by taking damage.
Your system is resistant to poisons. (rPois)


Message History

The wight barely misses you. The steam dragon breathes steam at you.
The ball of steam hits you.
You hear an angry hiss.
You hit the wight but do no damage. Your headbutt misses the wight.
The wight is almost destroyed.
You are engulfed in a cloud of scalding steam.
Your attacks no longer feel as feeble.
The wight is engulfed in a cloud of scalding steam.
The wight is destroyed!
The steam dragon breathes steam at you. The ball of steam hits you!
* * * LOW HITPOINT WARNING * * *
You hear an angry hiss.
You hear an angry buzzing noise.
You bludgeon the steam dragon!!
The steam dragon looks as sick as possible!
You headbutt the steam dragon.
The steam dragon is almost dead.
You are engulfed in a cloud of scalding steam.
* * * LOW HITPOINT WARNING * * *
A wyvern comes into view.
The steam dragon bites you but does no damage.
The steam dragon closely misses you.
You bludgeon the steam dragon!!
You kill the steam dragon!
The steam dragon scales are intact enough to wear.
You are engulfed in a cloud of scalding steam.
The wyvern closely misses you.
You sock the wyvern! You headbutt the wyvern!
The wyvern is heavily wounded.
The wyvern bites you but does no damage.
A centaur comes into view.
The wyvern bites you!
* * * LOW HITPOINT WARNING * * *
You hit the wyvern.
The wyvern is poisoned.
The wyvern is heavily wounded.
The centaur hits you but does no damage.
The centaur kicks you but does no damage.
The wyvern bites you!
You die...

.# #.... #....
#...## .#...# #
.#...# ##. ##.#...#
...## #.##...#
#.c#####.#.#..#
#@.#.[#.##..#
#l.)##)###..#
......####.## #..#
...... ..## ##.#
..............##.###
####...............#
##..##....#####.#
##. .# #<# . #.#


You could see a wyvern (very poisoned) and a centaur.

Vanquished Creatures
  A komodo dragon (D:9)
  A troll (D:9)
  Prince Ribbit (D:6)
  4 wyverns
  3 yaks (D:8)
  Eustachio (D:4)
  2 steam dragons
  Edmund (D:6)
  A water moccasin (D:8)
  2 orc warriors
  2 sky beasts (D:6)
  An ice beast (D:5)
  4 black bears
  An ogre (D:5)
  6 centaurs
  3 phantoms
  A kobold brigand (D:4)
  3 bullfrogs
  A gnoll sergeant (D:5)
  5 scorpions
  A water moccasin zombie (Ossuary)
  3 wights (D:9)
  10 killer bees
  3 howler monkeys (D:8)
  4 jellies
  4 orc priests
  A gnoll bouda (D:9)
  8 orc wizards
  2 sleepcaps (D:6)
  3 iguanas
  2 mummies (Ossuary)
  7 gnolls
  16 adders
  4 river rats
  A shadow imp (D:7)
  5 white imps
  An ufetubus (D:5)
  5 adder zombies (Ossuary)
  4 worms (D:3)
  2 dart slugs
  25 orcs
  4 endoplasms (D:1)
  11 giant cockroaches
  7 goblins
  4 hobgoblins
  6 jackals
  7 quokkas
  7 ball pythons
  16 bats
  4 frilled lizards
  5 gnoll zombies (Ossuary)
  6 hobgoblin zombies (Ossuary)
  3 kobolds
  6 kobold zombies (Ossuary)
  6 orc zombies (Ossuary)
  9 rats
256 creatures vanquished.

Vanquished Creatures (others)
  A wight (D:9)
1 creature vanquished.

Grand Total: 257 creatures vanquished

Notes
Turn   | Place    | Note
-------+----------+-------------------------------------------
     0 | D:1      | IdlyInterested the Demonspawn Wanderer began the quest for
                  | the Orb.
     0 | D:1      | IdlyInterested set off with the following items: a +2
                  | quarterstaff, a scroll of teleportation, a +0 pair of
                  | boots, a scroll of blinking, a +0 robe.
     0 | D:1      | Reached XP level 1. HP: 18/18 MP: 1/1
   183 | D:1      | Gained mutation: You sometimes gain a little power by
                  | taking damage. [demonic ancestry]
   183 | D:1      | Reached XP level 2. HP: 24/24 MP: 2/2
   420 | D:1      | Reached skill level 1 in Armour
   679 | D:2      | Reached skill level 4 in Fighting
   679 | D:2      | Gained mutation: You have a pair of small horns on your
                  | head. [demonic ancestry]
   679 | D:2      | Reached XP level 3. HP: 29/30 MP: 3/3
  1135 | D:2      | Reached skill level 1 in Stealth
  1507 | D:3      | Gained mutation: You may rarely emit foul miasma when
                  | damaged in melee. [demonic ancestry]
  1507 | D:3      | Reached XP level 4. HP: 21/38 MP: 4/4
  1817 | D:3      | Reached skill level 1 in Throwing
  2161 | D:3      | Found Zin's Purification Station.
  2361 | D:3      | Bought a potion of curing for 90 gold pieces
  2395 | D:4      | Noticed Eustachio
  2413 | D:4      | Killed Eustachio
  2414 | D:4      | Reached skill level 5 in Fighting
  2414 | D:4      | Reached skill level 1 in Evocations
  2414 | D:4      | Reached XP level 5. HP: 25/46 MP: 5/5
  2519 | D:4      | Found a glowing drain.
  2541 | Sewer    | Entered a sewer
  2602 | Sewer    | Reached XP level 6. HP: 47/52 MP: 6/6
  2753 | Sewer    | Reached skill level 6 in Fighting
  3991 | D:4      | Identified the +6 halberd "Beastslayer" {freeze, Drain
                  | +Blink rCorr SInv}
  4299 | D:4      | Reached XP level 7. HP: 54/59 MP: 7/7
  4325 | D:4      | Reached skill level 7 in Fighting
  5194 | D:5      | Entered Level 5 of the Dungeon
  5338 | D:5      | Reached skill level 8 in Fighting
  5367 | D:5      | Gained mutation: You sometimes gain power by taking damage.
                  | [demonic ancestry]
  5367 | D:5      | Reached XP level 8. HP: 68/68 MP: 8/8
  5628 | D:5      | Gained mutation: You are frail. (-10% HP) [potion of
                  | mutation]
  5628 | D:5      | Gained mutation: Your body sometimes deteriorates upon
                  | taking damage. [potion of mutation]
  5629 | D:5      | Lost mutation: You are frail. (-10% HP) [potion of
                  | mutation]
  5629 | D:5      | Lost mutation: Your body sometimes deteriorates upon taking
                  | damage. [potion of mutation]
  5629 | D:5      | Gained mutation: Your system is resistant to poisons.
                  | (rPois) [potion of mutation]
  5667 | D:5      | Found a burning altar of Makhleb.
  5924 | D:5      | Reached skill level 9 in Fighting
  5983 | D:5      | Found a staircase to the Ecumenical Temple.
  5991 | Temple   | Entered the Ecumenical Temple
  6505 | D:6      | Noticed Prince Ribbit
  6536 | D:6      | Killed Prince Ribbit
  6680 | D:6      | Noticed Edmund
  6702 | D:6      | Killed Edmund
  6875 | D:6      | Reached skill level 10 in Fighting
  7155 | D:6      | Gained mutation: You sometimes emit foul miasma when
                  | damaged in melee. [demonic ancestry]
  7155 | D:6      | Reached XP level 9. HP: 67/78 MP: 9/9
  7610 | D:7      | Found an opulent altar of Gozag.
  7654 | D:7      | Found a sand-covered staircase.
  7661 | Ossuary  | Entered an ossuary
  7873 | D:7      | Reached skill level 11 in Fighting
  8125 | D:7      | Found a sparkling altar of Nemelex Xobeh.
  8137 | D:7      | Found a sacrificial altar of Ru.
  8202 | D:7      | Reached skill level 1 in Spellcasting
  9006 | D:8      | Reached skill level 1 in Earth Magic
  9142 | D:8      | Reached skill level 12 in Fighting
  9467 | D:8      | Gained mutation: You are partially covered in molten
                  | scales. (AC +2) [demonic ancestry]
  9467 | D:8      | Reached XP level 10. HP: 64/89 MP: 13/13
 10177 | D:9      | Reached skill level 1 in Conjurations
 10286 | D:9      | Reached skill level 13 in Fighting
 10889 | D:9      | Slain by a wyvern

Illustrated notes

Levels and vault maps discovered:
D:1:      roderic_chinese_lattice_arrival, layout_rooms
D:2:      layout_basic, kennysheep_generic_room_2
D:3:      layout_loops_ring, zin_purify, nicolae_wormholes
D:4:      old_forge, layout_layer_cave, portal_sewer_entry_b, uniq_eustachio
D:5:      layout_basic, bloody_makhleb, minmay_temple_entry_drinking_statues,
          kennysheep_generic_room_15
D:6:      layout_basic, uniq_edmund, uniq_prince_ribbit1
D:7:      layout_loops_ring, grunt_gozag_statues,
          mainiacjoe_overflow_catwalk_spiral, nicolae_ossuary_entry_ruins
D:8:      layout_gridville, serial_bayou_crossing
D:9:      minmay_ornate_pinched, layout_loops_ring,
          grunt_lair_entry_orc_guard_hut
Temple:   minmay_temple_bridge_d

Skill      XL: |  1  2  3  4  5  6  7  8  9 10 |
---------------+-------------------------------+-----
Armour         | 1 2 4 |  4.0
Fighting       | 4 5 6 8 10 12 13 | 13.5
Stealth        | 1 2 |  2.0
Throwing       | 1 2 |  2.0
Evocations     | 1 2 4 |  4.0
Staves         | 3 4 |  4.8
Spellcasting   | 2 |  2.0
Earth Magic    | 1 2 |  2.0
Conjurations   | 2 |  2.0
Dodging        | |  2.6
Unarmed Combat | |  1.0

Action                     |  1- 3 |  4- 6 |  7- 9 | 10-12 || total
---------------------------+-------+-------+-------+-------++-------
  Melee: Quarterstaff      |    98 |   196 |   252 |       ||   546
         Headbutt          |     2 |    33 |    80 |    23 ||   138
         Flail             |       |       |   129 |    94 ||   223
         Whip              |       |       |     9 |       ||     9
         Punch             |       |       |     2 |     1 ||     3
  Throw: Dart              |       |     4 |    13 |     2 ||    19
         Javelin           |       |     2 |     1 |       ||     3
  Evoke: Wand              |       |     1 |     4 |     1 ||     6
    Use: Potion            |     3 |       |     8 |     1 ||    12
         Scroll            |     2 |     5 |     3 |     1 ||    11
 Armour: Robe              |     2 |       |       |       ||     2
         Ring mail         |    18 |       |       |       ||    18
         Scale mail        |    14 |   150 |    93 |       ||   257
         Chain mail        |       |       |   179 |    87 ||   266
  Dodge: Dodged            |    51 |   123 |   210 |    69 ||   453

Table legend: (Time is in decaauts)
 A = Elapsed time spent in this place.
 B = Non-inter-level travel time spent in this place.
 C = Inter-level travel time spent in this place.
 D = Time resting spent in this place.
 E = Time spent auto-exploring this place.
 F = Levels seen in this place.
 G = Mean time per level.
                   A        B        C        D        E       F      G
               +--------+--------+--------+--------+--------+-----+--------+
         Total |  11233 |  10091 |   1142 |   2383 |   4998 |  12 |  936.1 |
       Dungeon |   9795 |   8661 |   1134 |   2150 |   4245 |   9 | 1088.3 |
        Temple |    234 |    226 |      8 |      0 |    215 |   1 |  234.0 |
         Sewer |   1023 |   1023 |      0 |    233 |    538 |   1 | 1023.0 |
       Ossuary |    179 |    179 |      0 |      0 |      0 |   1 |  179.0 |
               +--------+--------+--------+--------+--------+-----+--------+

Top non-repeatable levels by time:
     D:4: 2042 daAuts
     D:8: 1613 daAuts
     D:6: 1120 daAuts
     D:7: 1118 daAuts
   Sewer: 1023 daAuts
     D:3: 966 daAuts
     D:5: 961 daAuts
     D:2: 891 daAuts
     D:1: 611 daAuts
     D:9: 471 daAuts
  Temple: 234 daAuts
 Ossuary: 179 daAuts
